 Dungeon Crawl Stone Soup version 0.26-a0-52-gd53d4cd058 (webtiles) character file.

Game seed: 1091904113863379801

2818 bmfx the Summoner (level 10, -3/75 HPs)
             Began as a Formicid Summoner on June 6, 2020.
             Killed from afar by a guardian serpent (26 damage)
             ... with a bolt of poison
             ... on level 11 of the Dungeon.
             The game lasted 00:25:09 (10664 turns).

bmfx the Summoner (Formicid Summoner)              Turns: 10664, Time: 00:25:10

Health: -3/75      AC:  5    Str: 15    XL:     10   Next: 3%
Magic:  16/16      EV: 15    Int: 16    God:
Gold:   293        SH:  0    Dex: 11    Spells: 8/17 levels left

rFire    + . .     SeeInvis +   w - +2 spear (venom)
rCold    + . .     Gourm    .   (no shield)
rNeg     . . .     Faith    .   n - +0 ring mail
rPois    .         Spirit   .   (helmet unavailable)
rElec    .         Reflect  .   t - scarf {rC+ rF+}
rCorr    .         Harm     .   (no gloves)
MR       +....                  (no boots)
Stlth    +.........             (no amulet)
HPRegen  0.22/turn              j - ring of flight
MPRegen  0.15/turn              A - +4 ring of evasion

@: lethally poisoned (-3 -> -12)
A: permanent stasis, dig shafts and tunnels, four strong arms, antennae 3
a: Dig, Shaft Self, Evoke Flight


You were on level 11 of the Dungeon.
You were hungry.

You visited 2 branches of the dungeon, and saw 11 of its levels.

You collected 293 gold pieces.


Innate Abilities, Weirdness & Mutations

You cannot be hasted, slowed, berserked, paralysed or teleported.
You can dig through walls and to a lower floor.
Your four strong arms can wield two-handed weapons with a shield.
You have a pair of large antennae on your head. (SInv)

Dungeon Overview and Level Annotations

Branches:
Dungeon (8/15)             Temple (1/1) D:6
   Lair: D:8-11

Altars:
Ashenzari
Cheibriados
Dithmenos
Elyvilon
Fedhas
Gozag
Hepliaklqana
Kikubaaqudgha
Makhleb
Sif Muna
Uskayaw
Vehumet
Wu Jian
Xom
Yredelemnul
Zin
The Shining One

Shops:
D:5 =


   Skills:
 + Level 5.6 Fighting
 - Level 1.9 Short Blades
 - Level 4.0 Polearms
 - Level 4.0 Armour
 - Level 1.7 Dodging
 - Level 2.4 Stealth
 - Level 4.0 Spellcasting
 - Level 8.0 Summonings
 + Level 4.6 Ice Magic
 - Level 5.0 Evocations


You had 8 spell levels left.
You knew the following spells:

 Your Spells              Type           Power        Failure   Level  Hunger
A - Summon Ice Beast      Ice/Summ       ###.....     24%         4    ####...
B - Call Imp              Summ           ####....     1%          2    ##.....
C - Call Canine Familiar  Summ           ####....     3%          3    ###....

Your spell library contained the following spells:

 Spells                   Type           Power        Failure   Level  Hunger
 Summon Small Mammal      Summ           ####         1%          1    None
 Summon Guardian Golem    Hex/Summ       ###.....     19%         3    ###....
 Summon Lightning Spire   Summ/Air       ###.....     52%         4    ####...

Action                   |  1- 3 |  4- 6 |  7- 9 | 10-12 || total
-------------------------+-------+-------+-------+-------++-------
Melee: Unarmed           |     8 |       |       |       ||     8
       Dagger            |    35 |   294 |   236 |       ||   565
       Spear             |       |       |    85 |    17 ||   102
 Cast: Summon Small Mamm |    16 |       |       |       ||    16
       Call Imp          |    12 |    18 |    20 |       ||    50
       Call Canine Famil |       |     7 |    28 |     1 ||    36
 Abil: Dig               |       |     6 |     5 |     8 ||    19
       Shaft Self        |       |       |       |     2 ||     2
Evoke: Wand              |       |     2 |    13 |     7 ||    22
  Use: Scroll            |     2 |     7 |     3 |     1 ||    13
       Potion            |       |     1 |     7 |     1 ||     9
 Stab: Sleeping          |     5 |     4 |     1 |       ||    10
       Distracted        |       |     2 |     2 |     1 ||     5
  Eat: Chunk             |     4 |    12 |    10 |       ||    26
       Ration            |       |       |     3 |     2 ||     5
Armor: Robe              |    16 |       |       |       ||    16
       Ring mail         |       |    81 |    68 |     9 ||   158
       Skin              |       |       |    31 |       ||    31
Dodge: Dodged            |    28 |   134 |   201 |    24 ||   387

Skill      XL: |  1  2  3  4  5  6  7  8  9 |
---------------+----------------------------+-----
Spellcasting   | 3 4 |  4.0
Summonings     | 5 6 7 8 |  8.0
Evocations     | 2 3 5 |  5.0
Fighting       | 3 5 |  5.6
Armour         | 4 |  4.0
Short Blades   | 1 |  1.9
Polearms       | 4 |  4.0
Ice Magic      | 4 |  4.6
Dodging        | |  1.7
Stealth        | |  2.4

Inventory:

Hand Weapons
 a - a +2 dagger of draining
 b - a +2 dagger of freezing
 h - a +0 dagger of protection
 w - a +2 spear of venom (weapon)
Missiles
 i - 22 poisoned darts (quivered)
 s - 3 throwing nets {!f}
Armour
 f - a +0 plate armour
 n - a +0 ring mail (worn)
 t - a scarf of resistance (worn)
 u - a +0 tower shield
Jewellery
 j - a ring of flight (left hand)
 A - a +4 ring of evasion (right hand)
Wands
 m - a wand of iceblast (1)
 r - a wand of random effects (10)
Scrolls
 d - 2 scrolls of enchant armour
 p - a scroll of fear
 q - a scroll of magic mapping
 y - a scroll of immolation {unknown}
Potions
 e - 3 potions of flight
 l - a potion of cancellation
 v - a potion of haste {@q4}
 x - a potion of brilliance {unknown}
 z - a potion of resistance {unknown}
Comestibles
 c - 4 rations

******
*,,,,*,,#.....#.{#....#
*,,,,*
*,,,,*,,#.....#..{....#
+,,,,*
*,,,,**##.....####.####**
*,,,,*
*,,,,,,.........[.....#>,
*,,,,*
*,,,,,...........S....+,,
*,,,,*
*,,,,,.....)..........#,,
*,,,,*
*,,,,,................#{,
*,,,,*
*,,,{#########ยง########**
*,,,,* *,,,,#.<@.WS#.##
*,,,,* *,,,,+...###.##
*,,,,* *,,,,#..## ###
*,,,,* *,,,,#..*** *,,,,*
*,,,,#..,,* *,,,,*
*,,,,#..,,* *,,,,*
*,,,,#..,** *,,,,*
*,,,,#..,****************
*,,,,*
*,,,,*,,,,*,,,*,,*,,,*,,,


You could see a guardian serpent and a hungry ghost.

Vanquished Creatures
  Harold (D:7)
  Duvessa (D:7)
  An orc warrior (D:7)
  An ice beast (D:6)
  A sky beast (D:7)
  A phantom (D:4)
  An ogre (D:4)
  2 centaurs
  2 bullfrogs (D:7)
  Dowan (D:7)
  9 killer bees
  A crimson imp (D:7)
  A bullfrog zombie (D:11)
  A jelly (D:5)
  4 hounds
  2 iguanas
  3 orc wizards
  4 worker ants
  A hound zombie (D:6)
  3 adders
  3 gnolls (D:7)
  A howler monkey skeleton (D:4)
  3 oozes
  3 dart slugs
  4 worms (D:3)
  3 leopard geckos
  14 orcs
  5 giant cockroaches
  7 goblins
  4 hobgoblins
  17 jackals
  2 quokkas
  3 bats
  5 frilled lizards
  A jackal skeleton (D:5)
  A jackal zombie (D:5)
  5 kobolds
  7 rats
129 creatures vanquished.

Vanquished Creatures (collateral kills)
  3 ogres
  A gnoll sergeant (D:7)
  A jelly (D:8)
  A centaur skeleton (D:7)
  A hound (D:6)
  2 orc priests (D:3)
  3 orc wizards
  2 iguanas (D:6)
  2 worker ants (D:4)
  A hound zombie (D:6)
  8 adders
  4 worms
  5 orcs
  3 giant cockroaches
  2 goblins
  4 hobgoblins
  2 quokkas
  2 bats
  A frilled lizard (D:2)
  A jackal skeleton (D:8)
  3 kobolds (D:1)
  4 rats (D:1)
56 creatures vanquished.

Grand Total: 185 creatures vanquished

Levels and vault maps discovered:
D:1:      scummos_arrival_simple_fountains, layout_basic, st_stairs_10
D:2:      layout_basic, kennysheep_potato
D:3:      layout_loops_ring
D:4:      minmay_chambers_of_twos, layout_gridville, minmay_box_of_dots
D:5:      layout_gridville, serial_shops, shop, first_ration
D:6:      layout_cave_pools, chequers_temple_overflow_statue_of_worship,
          minmay_temple_entry_hall
D:7:      layout_basic, kennysheep_mini_moat, uniq_duvessa, uniq_harold
D:8:      layout_basic, hangedman_ru_absence, nicolae_overflow_hidden_temple,
          lemuel_crystal_altar, blue_anna_alchemist [blue_anna_fruit_fields,
          blue_anna_fruit_fields], nicolae_blasting_shop, uniq_prince_ribbit1,
          uniq_gastronok
D:9:      layout_gridville, grunt_ministairs_14
D:11:     layout_gridville, nrook_guardian_serpent_ordinary
Temple:   eino_temple_lava


Message History

You are starving!
You're too hungry.
Unknown command.
You eat one of the 5 rations.
That ration really hit the spot!
The hungry ghost hits you.
You feel a lot more hungry.
You extend your mandibles.
Unknown command.
Okay, then.
You dig through the rock wall.
The hungry ghost hits you.
* * * LOW HITPOINT WARNING * * *
You are feeling hungry.
You dig through the rock wall.
You dig through the rock wall.
Found a stone staircase leading up.
You retract your mandibles.
The guardian serpent casts a spell at you.
The bolt of poison hits the hungry ghost.
The hungry ghost completely resists.
The bolt of poison hits you!!
You are poisoned.
You die...

Notes
Turn   | Place    | Note
-------+----------+-------------------------------------------
     0 | D:1      | bmfx the Formicid Summoner began the quest for the Orb.
     0 | D:1      | Reached XP level 1. HP: 13/13 MP: 3/3
   374 | D:1      | You fall into a shaft and drop 1 floor!
   378 | D:2      | Reached XP level 2. HP: 19/19 MP: 0/5
   383 | D:2      | Learned a level 2 spell: Call Imp
   597 | D:1      | p0werm0de: :P
   616 | D:1      | Reached XP level 3. HP: 23/24 MP: 2/7
  1248 | D:1      | Learned a level 3 spell: Call Canine Familiar
  1972 | D:2      | Reached XP level 4. HP: 30/30 MP: 8/8
  2129 | D:2      | Learned a level 4 spell: Summon Ice Beast
  2652 | D:2      | Reached skill level 5 in Summonings
  3002 | D:3      | Reached XP level 5. HP: 32/35 MP: 7/10
  3278 | D:3      | Reached skill level 1 in Evocations
  3695 | D:3      | Reached XP level 6. HP: 8/41 MP: 2/11
  4613 | D:4      | Reached skill level 6 in Summonings
  5104 | D:4      | Noticed an ogre
  5115 | D:4      | Killed an ogre
  5115 | D:4      | Reached XP level 7. HP: 46/46 MP: 5/12
  6010 | D:5      | Entered Level 5 of the Dungeon
  6241 | D:5      | Found Qoevega's Jewellery Shoppe.
  6603 | D:5      | Reached skill level 7 in Summonings
  6603 | D:5      | Reached skill level 5 in Evocations
  6603 | D:5      | Reached XP level 8. HP: 22/52 MP: 10/13
  7164 | D:6      | Reached skill level 1 in Fighting
  7164 | D:6      | Reached skill level 1 in Armour
  7460 | D:6      | Found a staircase to the Ecumenical Temple.
  7466 | Temple   | Entered the Ecumenical Temple
  7549 | D:6      | Found a glowing silver altar of Zin.
  7563 | D:6      | Found a shimmering blue altar of Sif Muna.
  8360 | D:7      | Noticed Duvessa
  8360 | D:7      | Noticed Dowan
  8369 | D:7      | Killed Dowan
  8372 | D:7      | Killed Duvessa
  8660 | D:7      | Reached skill level 8 in Summonings
  8728 | D:7      | Reached XP level 9. HP: 54/65 MP: 14/14
  8884 | D:7      | Reached skill level 1 in Short Blades
  9053 | D:7      | Reached skill level 1 in Polearms
  9197 | D:7      | Noticed Harold
  9230 | D:7      | Killed Harold
  9637 | D:7      | Reached skill level 5 in Fighting
  9843 | D:7      | Found an ancient bone altar of Kikubaaqudgha.
 10323 | D:8      | Reached XP level 10. HP: 64/74 MP: 10/16
 10337 | D:8      | You fall into a shaft and drop 1 floor!
 10337 | D:9      | Noticed a two-headed ogre
 10345 | D:9      | You fall into a shaft and drop 2 floors!
 10615 | D:11     | Noticed a guardian serpent
 10616 | D:11     | bmfx: alright this combo is cursed
 10632 | D:11     | p0werm0de: :D
 10632 | D:11     | p0werm0de: lig?
 10632 | D:11     | bmfx: i wish
 10639 | D:11     | p0werm0de: shaftt
 10657 | D:11     | p0werm0de: how did ya confuse it
 10660 | D:11     | p0werm0de: needle?
 10664 | D:11     | Killed from afar by a guardian serpent
